Map: 2000 Atmospheres LE

Players

Cyan

  • Race: Protoss Protoss

uThermal - Winner!

  • Race: Terran Terran

Event: IEM Katowice 2022

VOD

Have the link to the VOD?

Description

Time

  • Played on: Feb. 23, 2022, 7:40 a.m.
  • Length: 25:41

All games in this series

Show
View Real Time Build Order
Export as new Build Order

Cyan Protoss 

Build Orders: 1 Gate Expand, Colossus Rush 

Get SALT Encoding   

  12  0:00  Probe  
  13  0:12  Probe  
  14  0:19  Pylon  
  14  0:24  Probe  
  15  0:37  Probe (Chrono Boost)  
  15  0:40  Gateway  
  16  0:46  Probe (Chrono Boost)  
  16  0:49  Assimilator  
  17  0:51  Probe  
  18  1:03  Probe  
  19  1:15  Probe  
  20  1:22  Nexus  
  20  1:33  Cybernetics Core  
  20  1:35  Probe  
  21  1:41  Assimilator  
  21  1:47  Probe  
  21  1:52  Pylon  
  22  1:59  Probe  
  23  2:07  Stalker (Chrono Boost)  
  23  2:11  Probe (Chrono Boost)  
  23  2:13  Warp Gate  
  27  2:23  Probe (Chrono Boost)  
  27  2:24  Robotics Facility  
  27  2:27  Probe (Chrono Boost)  
  28  2:35  Probe  
  29  2:38  Probe  
  29  2:39  Sentry (Chrono Boost)  
  32  2:47  Probe  
  32  2:50  Pylon, Probe  
  34  2:58  Stalker  
  34  2:59  Probe  
  34  3:02  Probe  
  38  3:11  Probe (Chrono Boost)  
  39  3:16  Observer  
  39  3:17  Probe (Chrono Boost)  
  41  3:23  Probe (Chrono Boost)  
  42  3:30  Probe x2 (Chrono Boost)  
  42  3:33  Gateway  
  43  3:36  Gateway  
  43  3:37  Probe  
  43  3:38  Probe  
  45  3:43  Immortal (Chrono Boost)  
  47  3:49  Probe  
  47  3:50  Probe  
  47  3:52  Pylon  
  49  4:01  Sentry, Colossus (Chrono Boost)  
  49  4:02  Probe  
  52  4:04  Assimilator  
  52  4:07  Probe  
  53  4:14  Probe  
  56  4:21  Nexus  
  56  4:22  Immortal (Chrono Boost)  
  58  4:25  Pylon  
  58  4:27  Probe  
  58  4:29  Probe  
  58  4:30  Sentry  
  62  4:39  Pylon  
  62  4:41  Assimilator  
  62  4:43  Probe  
  62  4:44  Shield Battery  
  62  4:45  Sentry  
  65  4:48  Stalker  
  65  4:51  Shield Battery  
  65  4:52  Probe  
  68  4:58  Warp Prism (Chrono Boost)  
  68  4:59  Probe  
  69  5:05  Stalker  
  73  5:09  Stalker  
  73  5:10  Probe  
  73  5:13  Stalker  
  78  5:18  Pylon  
  78  5:31  Robotics Bay, Probe  
  75  5:37  Stalker x2  
  75  5:38  Stalker  
  75  5:39  Probe x2  
  79  5:43  Probe  
  70  5:54  Probe (Chrono Boost)  
  67  5:57  Probe (Chrono Boost)  
  67  5:58  Probe (Chrono Boost)  
  67  6:00  Observer  
  67  6:01  Sentry x2, Stalker  
  76  6:06  Forge, Probe (Chrono Boost)  
  76  6:09  Probe (Chrono Boost)  
  76  6:10  Probe (Chrono Boost)  
  79  6:13  Probe (Chrono Boost)  
  79  6:14  Probe x2 (Chrono Boost)  
  79  6:15  Twilight Council  
  82  6:20  Probe  
  82  6:24  Probe  
  84  6:31  Probe  
  84  6:32  Adept x3  
  91  6:38  Colossus (Chrono Boost)  
  99  6:40  Probe x2  
  99  6:43  Assimilator, Probe  
  100  6:49  Assimilator  
  100  6:51  Extended Thermal Lance (Chrono Boost)  
  100  6:52  Probe x2  
  100  6:55  Probe, Protoss Ground Weapons Level 1 (Chrono Boost)  
  100  6:58  Pylon  
  101  7:01  Gateway  
  101  7:04  Gateway  
  101  7:07  Gateway x2  
  101  7:10  Pylon  
  101  7:11  Gateway  
  101  7:14  Pylon  
  101  7:15  Shield Battery  
  101  7:16  Probe  
  101  7:19  Gateway, Observer  
  102  7:23  Charge (Chrono Boost)  
  102  7:29  Colossus (Chrono Boost)  
  108  7:30  Nexus  
  108  7:32  Pylon  
  108  7:43  Stalker x2  
  112  7:46  Stalker  
  114  7:52  Pylon  
  114  7:53  Photon Cannon  
  114  7:56  Shield Battery  
  114  7:58  Probe  
  115  8:06  Zealot x4  
  115  8:10  Pylon, Colossus (Chrono Boost)  
  115  8:11  Templar Archives  
  129  8:13  Probe x2  
  129  8:14  Robotics Facility  
  129  8:15  Pylon  
  128  8:36  Protoss Ground Weapons Level 2 (Chrono Boost)  
  128  8:37  Zealot x9  
  146  8:49  Gateway  
  146  8:50  Observer (Chrono Boost)  
  146  8:52  Pylon  
  146  8:53  Pylon  
  146  8:55  Dark Shrine  
  147  8:56  Blink  
  147  8:57  High Templar x2  
  150  9:03  Archon  
  150  9:05  Assimilator  
  150  9:08  Assimilator  
  150  9:12  Zealot x2  
  150  9:13  Shield Battery, Zealot  
  150  9:16  Pylon, Disruptor  
  159  9:17  Disruptor  
  159  9:22  Gravitic Drive (Chrono Boost)  
  162  9:26  Pylon  
  162  9:28  Pylon  
  162  9:30  Probe x3  
  165  9:33  Probe  
  166  9:52  High Templar, Observer  
  167  9:53  Zealot x5  
  167  9:55  High Templar, Zealot x3  
  167  9:57  Pylon  
  167  9:58  Disruptor (Chrono Boost)  
  186  10:00  Archon  
  183  10:10  Disruptor (Chrono Boost)  
  183  10:12  Probe  
  171  10:17  Stalker x2  
  171  10:19  Probe x2  
  171  10:21  Gravitic Boosters (Chrono Boost)  
  169  10:22  Shadow Stride  
  169  10:26  Nexus  
  169  10:28  Pylon, Zealot  
  171  10:31  Disruptor (Chrono Boost)  
  171  10:32  Dark Templar x2  
  171  10:35  Dark Templar  
  179  10:39  Observer  
  180  10:47  Forge  
  180  10:49  Stargate  
  180  10:50  Photon Cannon  
  180  10:51  Shield Battery, Probe  
  180  10:52  Zealot x2  
  179  11:01  Zealot x4  
  179  11:02  Zealot  
  184  11:13  Disruptor  
  184  11:17  Dark Templar x2  
  184  11:18  Dark Templar  
  185  11:20  Zealot  
  173  11:28  Stalker x2  
  155  11:36  Dark Templar x2  
  139  11:40  Dark Templar  
  139  11:44  Stalker  
  127  11:48  Stalker  
  112  11:56  Stalker x2  
  112  11:57  Stalker  
  115  12:02  Stalker x2  
  115  12:06  Probe x2  
  119  12:12  Probe  
  119  12:13  Probe  
  119  12:18  Probe, Protoss Ground Armor Level 1 (Chrono Boost)  
  119  12:21  Dark Templar  
  119  12:22  Probe, Disruptor (Chrono Boost)  
  124  12:35  Stalker x2  
  129  12:37  Probe x2  
  129  12:40  Assimilator, Zealot  
  132  12:44  Archon x3  
  132  12:45  Assimilator  
  130  12:51  Stalker x3  
  130  12:52  Stalker x2  
  130  12:58  Stalker  
  135  13:06  Observer (Chrono Boost)  
  135  13:07  Observer (Chrono Boost)  
  135  13:09  Nexus  
  137  13:14  Dark Templar x2  
  141  13:26  Zealot x4  
  141  13:27  Zealot x4  
  151  13:35  Probe x2  
  151  13:37  Nexus  
  149  13:43  Colossus (Chrono Boost)  
  155  13:51  Colossus (Chrono Boost)  
  161  14:03  Protoss Ground Weapons Level 3 (Chrono Boost)  
  161  14:13  Pylon  
  161  14:15  Pylon  
  154  14:24  Colossus (Chrono Boost), Protoss Ground Armor Level 2 (Chrono Boost)  
  154  14:27  Probe x4  
  154  14:29  Colossus (Chrono Boost)  
  170  14:33  Shield Battery  
  170  14:34  Photon Cannon  
  170  14:36  Shield Battery  
  170  14:39  Probe  
  170  14:40  Observer  
  171  14:58  Stalker x3  
  171  14:59  Stalker x2  
  179  15:03  Stalker x2  
  182  15:10  Disruptor (Chrono Boost)  
  185  15:19  Disruptor (Chrono Boost)  
  184  15:24  Dark Templar x5  
  190  15:30  Dark Templar x2  
  191  15:37  Dark Templar  
  191  15:39  Disruptor  
  192  15:42  Dark Templar  
  192  15:48  Disruptor  
  192  15:49  Dark Templar  
  147  16:15  Stalker x7  
  147  16:16  Stalker x2  
  163  16:38  Nexus  
  163  16:40  Pylon  
  163  16:43  Disruptor x2  
  165  17:05  Stalker x5  
  165  17:06  Zealot x3  
  165  17:07  Zealot x2  
  183  17:15  Photon Cannon  
  183  17:16  Shield Battery  
  183  17:19  Photon Cannon  
  183  17:20  Shield Battery  
  183  17:22  Pylon  
  183  17:24  Observer x2  
  185  17:33  Nexus  
  183  17:42  Zealot  
  183  17:44  Dark Templar x2  
  187  17:57  Dark Templar  
  189  17:59  Pylon  
  189  18:00  Probe x4  
  189  18:01  Probe  
  194  18:06  Assimilator  
  194  18:11  Dark Templar  
  194  18:12  Probe x2  
  198  18:20  Assimilator  
  194  18:45  Assimilator  
  194  18:50  Assimilator  
  190  18:59  Photon Cannon  
  190  19:00  Shield Battery  
  190  19:02  Stargate  
  189  19:03  Fleet Beacon  
  189  19:16  Protoss Air Weapons Level 1 (Chrono Boost)  
  185  19:28  Protoss Ground Armor Level 3 (Chrono Boost)  
  175  19:42  Zealot  
  175  19:43  Zealot x8  
  191  19:48  Carrier  
  197  19:58  Assimilator  
  197  20:02  Assimilator  
  187  20:09  Zealot x6  
  187  20:10  Dark Templar  
  199  20:16  Carrier  
  163  20:39  Disruptor  
  149  20:56  Carrier (Chrono Boost), Zealot x6  
  149  20:57  Zealot x4  
  136  21:17  Nexus, Carrier (Chrono Boost)  
  124  21:18  Stalker  
  124  21:19  Pylon  
  132  21:25  Probe  
  132  21:26  Probe  
  132  21:32  Observer  
  131  21:42  Probe x4  
  135  21:54  Probe x3  
  135  21:56  Carrier (Chrono Boost)  
  135  21:59  Probe  
  145  22:03  Zealot x2  
  145  22:06  Probe x2  
  145  22:07  Probe  
  152  22:10  Probe  
  152  22:11  Probe  
  150  22:23  Carrier (Chrono Boost)  
  154  22:33  Dark Templar  
  150  22:50  Tempest (Chrono Boost)  
  155  22:58  Zealot  
  153  23:24  Tempest  
  149  23:45  Nexus  
  144  24:02  Probe x3  
  146  24:20  Dark Templar  
  148  24:40  Dark Templar  
  150  24:45  High Templar x2  
  150  24:46  High Templar x3  
  150  24:47  High Templar  
  150  24:51  Archon x3  
Show
View Real Time Build Order
Export as new Build Order

uThermal Terran - Winner!

Build Orders:  

Get SALT Encoding   

  12  0:00  SCV  
  13  0:12  SCV  
  14  0:17  Supply Depot  
  14  0:24  SCV  
  15  0:38  SCV  
  15  0:40  Barracks  
  16  0:43  Refinery  
  16  0:50  SCV  
  17  1:02  SCV  
  18  1:14  SCV  
  19  1:27  Barracks Reactor  
  19  1:28  Orbital Command  
  19  1:39  Command Center  
  19  1:47  Supply Depot  
  20  1:54  SCV  
  20  2:03  Marine  
  20  2:04  Marine  
  20  2:06  SCV  
  23  2:12  Barracks  
  23  2:18  SCV  
  23  2:21  Reaper  
  23  2:22  Reaper  
  26  2:30  Barracks  
  26  2:31  SCV  
  27  2:43  SCV  
  28  2:44  Refinery  
  28  2:51  Orbital Command  
  28  2:53  Marine x2  
  28  2:55  SCV  
  31  3:00  Barracks Tech Lab  
  31  3:07  SCV  
  31  3:11  Marine x2  
  33  3:17  Bunker  
  33  3:18  Marine  
  33  3:19  SCV  
  34  3:27  Stimpack  
  34  3:28  Marauder  
  34  3:29  SCV  
  34  3:32  Marine  
  34  3:33  Marine  
  39  3:36  SCV, Barracks Tech Lab  
  41  3:41  SCV  
  41  3:44  Supply Depot  
  40  3:51  Marauder  
  40  3:52  Marine x2  
  40  3:53  SCV  
  40  3:54  SCV  
  46  4:00  Combat Shield  
  46  4:06  Marine  
  46  4:08  Supply Depot  
  46  4:09  SCV x2  
  49  4:10  Marine  
  49  4:12  Marauder  
  52  4:17  Marine  
  52  4:21  SCV  
  54  4:30  SCV, Marine, Marauder  
  58  4:32  Supply Depot  
  58  4:33  SCV  
  58  4:34  Factory  
  58  4:35  Marine  
  58  4:36  Marine  
  61  4:42  SCV  
  61  4:43  Supply Depot  
  62  4:53  Marine  
  62  4:54  SCV x2  
  62  4:55  Engineering Bay  
  62  4:56  Refinery  
  62  4:59  Marine  
  65  5:00  Marine  
  65  5:01  Marine  
  65  5:06  SCV  
  69  5:08  SCV  
  69  5:11  Concussive Shells  
  70  5:15  Marine  
  70  5:18  SCV  
  70  5:20  SCV, Starport, Factory Reactor  
  70  5:21  Marine x2  
  75  5:30  SCV  
  75  5:32  Terran Infantry Weapons Level 1  
  71  5:36  SCV  
  71  5:38  Marine, Marauder  
  73  5:47  Marine  
  73  5:48  SCV, Marauder  
  63  6:00  SCV  
  63  6:01  Marine, Marauder  
  63  6:03  Command Center  
  67  6:04  Factory Tech Lab  
  67  6:05  Marine  
  67  6:09  Medivac x2  
  72  6:12  SCV x2  
  72  6:14  Supply Depot  
  73  6:22  Marine x2, Marauder  
  73  6:26  Missile Turret  
  73  6:27  SCV  
  73  6:30  Siege Tank  
  77  6:33  Supply Depot, SCV  
  77  6:36  Marine  
  77  6:39  Medivac x2  
  83  6:40  Marauder  
  82  6:50  Marine  
  82  6:51  Marauder  
  82  6:52  Supply Depot, SCV  
  86  6:54  Marine  
  86  6:55  SCV, Refinery  
  86  6:56  Supply Depot  
  88  7:02  Marauder  
  88  7:03  Siege Tank  
  88  7:04  SCV  
  94  7:11  Barracks  
  94  7:12  Barracks  
  94  7:14  Supply Depot, SCV, Marine, Marauder  
  98  7:16  Marine  
  98  7:17  Missile Turret  
  98  7:21  SCV  
  100  7:23  Marine  
  100  7:26  SCV  
  100  7:27  Terran Infantry Armor Level 1  
  102  7:31  Missile Turret, Marine  
  102  7:33  SCV  
  102  7:34  Marine  
  102  7:36  Marauder, Siege Tank  
  110  7:40  Marine  
  110  7:43  SCV  
  112  7:45  SCV  
  112  7:49  Marine, Medivac  
  116  7:51  Medivac  
  116  7:55  Orbital Command  
  116  7:56  SCV  
  116  7:57  SCV, Marauder  
  122  7:59  Marauder  
  122  8:03  Barracks Tech Lab  
  124  8:08  SCV  
  124  8:10  Marine  
  126  8:13  Supply Depot, Marine  
  126  8:14  Supply Depot  
  126  8:17  SCV, Factory Reactor  
  126  8:18  Marauder  
  130  8:23  SCV  
  130  8:24  Marine, Engineering Bay  
  130  8:26  Marine, Armory, Sensor Tower  
  133  8:29  Bunker  
  133  8:35  SCV, Marine, Marauder  
  133  8:39  Supply Depot  
  137  8:42  Marine, Marauder  
  137  8:47  SCV  
  137  8:48  Ghost Academy  
  141  8:49  Marine  
  141  8:50  Marauder  
  141  8:51  Refinery  
  141  8:52  Refinery  
  141  8:53  Supply Depot  
  141  8:54  Supply Depot, SCV  
  145  9:00  Missile Turret, Marine, Marauder  
  148  9:03  SCV  
  148  9:04  Marine, Marauder  
  152  9:12  Viking x2  
  152  9:14  Marine  
  152  9:15  Marauder  
  159  9:22  Terran Infantry Weapons Level 2  
  159  9:24  Terran Infantry Armor Level 2  
  159  9:28  Ghost  
  159  9:29  Marine x2  
  163  9:32  Marine  
  163  9:33  Marauder  
  166  9:42  Command Center  
  166  9:47  Viking  
  166  9:49  Viking  
  170  9:58  Ghost  
  169  10:00  Ghost  
  164  10:07  Ghost  
  164  10:12  Ghost, Marine  
  164  10:13  Orbital Command  
  163  10:14  SCV, Orbital Command  
  163  10:15  SCV  
  163  10:16  SCV  
  163  10:18  Viking  
  163  10:19  Viking  
  170  10:21  Supply Depot  
  170  10:24  Supply Depot  
  170  10:26  SCV  
  170  10:28  Supply Depot, Marauder  
  173  10:30  Supply Depot  
  173  10:42  Ghost x2, Marine  
  173  10:43  SCV, Marine  
  173  10:47  Supply Depot  
  180  10:50  Marine x2  
  182  11:07  Ghost x2  
  182  11:09  Marine  
  187  11:12  Ghost, Marauder, Marine  
  189  11:19  Viking x2  
  176  11:27  Marine  
  150  11:33  Marauder  
  150  11:36  Ghost, Marine  
  150  11:37  Marauder  
  152  11:41  Marauder  
  152  11:45  Marine  
  139  11:53  Ghost  
  139  11:54  Marine  
  119  11:58  Marauder  
  122  12:02  SCV x2, Marauder, Marine, Missile Turret  
  122  12:05  Marauder  
  127  12:09  SCV  
  127  12:11  Marine  
  127  12:14  SCV  
  130  12:19  Marine  
  130  12:20  Marine  
  130  12:22  Marine  
  130  12:24  Marauder  
  130  12:26  Marine  
  130  12:27  Viking x2  
  130  12:29  Marine  
  139  12:30  Missile Turret  
  139  12:32  SCV x2  
  139  12:34  SCV  
  142  12:37  Marauder  
  142  12:38  Marine  
  142  12:40  Marine  
  146  12:44  SCV  
  146  12:46  Planetary Fortress  
  145  12:55  SCV  
  145  12:57  Marine  
  145  12:58  Marauder  
  149  12:59  Missile Turret  
  149  13:00  Marine, Marauder x2  
  149  13:04  Terran Infantry Weapons Level 3  
  154  13:07  Terran Infantry Armor Level 3  
  154  13:09  SCV  
  154  13:10  Marine  
  156  13:15  SCV, Marine  
  156  13:18  SCV  
  156  13:19  Marauder  
  161  13:26  Marine, Marauder x2  
  166  13:28  Marine  
  166  13:33  Marine  
  163  13:40  Ghost  
  165  13:42  Widow Mine x2  
  165  13:45  Barracks  
  165  13:46  Marine, Marauder  
  165  13:47  Barracks x2, Marine, Marauder  
  173  13:52  Marine  
  173  13:53  Sensor Tower  
  174  14:04  Marine  
  174  14:06  Ghost, Marauder  
  174  14:08  Medivac x2  
  175  14:12  Marine  
  175  14:13  Marauder  
  175  14:14  SCV  
  176  14:19  Command Center  
  176  14:21  Supply Depot  
  176  14:22  Marine  
  176  14:23  Marauder  
  179  14:27  SCV, Marauder  
  179  14:30  Marine  
  183  14:32  Marine  
  183  14:34  Marauder  
  183  14:35  Barracks Tech Lab x2  
  183  14:37  Enhanced Shockwaves  
  186  14:40  Marine  
  186  14:41  Marauder  
  186  14:44  Marine  
  190  14:46  Medivac  
  190  14:48  Marine x2  
  190  14:50  Marine  
  190  14:51  SCV  
  196  14:55  Marine, Marauder  
  199  15:01  Marine  
  198  15:21  Marine  
  198  15:22  Marine  
  198  15:24  Sensor Tower  
  200  15:29  Terran Ship Weapons Level 1, Command Center  
  200  15:30  Command Center  
  200  15:39  Viking  
  178  16:07  Viking, Marine  
  178  16:08  Marauder, Marine  
  178  16:09  Marauder x2  
  178  16:10  Marine, Marauder  
  169  16:12  Marine, Marauder  
  169  16:14  Viking  
  172  16:19  Command Center  
  172  16:22  Fusion Core  
  172  16:24  Starport  
  172  16:25  Marine  
  161  16:26  Marine  
  161  16:29  Marauder  
  161  16:30  Marauder  
  165  16:33  Marine x2  
  165  16:34  Refinery, Marauder x2  
  165  16:35  SCV  
  165  16:36  SCV, Refinery  
  174  16:43  Planetary Fortress  
  170  16:51  Orbital Command  
  170  17:00  Liberator x2  
  176  17:04  Marine x2  
  176  17:05  Marauder x2  
  182  17:09  Marine  
  182  17:10  Marauder  
  182  17:12  Advanced Ballistics  
  185  17:16  SCV  
  185  17:19  Liberator x2  
  192  17:33  Missile Turret  
  192  17:36  Sensor Tower  
  190  17:45  Liberator x2  
  192  18:00  Marine, Command Center  
  192  18:01  Command Center  
  192  18:02  Marine, Liberator x2  
  200  18:09  Terran Ship Weapons Level 2, Sensor Tower  
  200  18:31  Neosteel Armor  
  196  18:34  Command Center  
  196  18:36  Command Center  
  196  18:38  Liberator  
  196  18:53  Liberator x2  
  196  18:55  Liberator  
  199  18:58  Hi-Sec Auto Tracking  
  199  19:11  Marine, Command Center  
  199  19:12  Barracks Tech Lab  
  198  19:17  Orbital Command  
  189  19:33  SCV x2  
  189  19:40  Orbital Command  
  189  19:45  Missile Turret  
  180  19:48  Liberator  
  180  19:49  Liberator  
  180  19:51  Marine x3, Marauder x2  
  180  19:52  Marauder, Orbital Command  
  186  19:54  Marine  
  186  19:55  Missile Turret x2, Marauder  
  186  19:59  Liberator  
  186  20:07  Liberator  
  186  20:12  Missile Turret  
  180  20:21  Ghost  
  180  20:22  Ghost  
  171  20:28  Ghost  
  171  20:31  Liberator  
  171  20:32  Liberator  
  171  20:34  Marine  
  171  20:35  Marauder, Marine  
  168  20:40  Marine  
  168  20:41  Marauder  
  168  20:45  Liberator  
  154  20:50  Liberator  
  154  20:55  Marine, Marauder  
  156  21:02  Marine  
  156  21:03  Marauder  
  156  21:04  Marine x2, Marauder  
  158  21:14  Liberator  
  161  21:19  Refinery  
  161  21:20  Refinery  
  157  21:38  Liberator  
  160  21:40  Marine, Marauder  
  160  21:45  Orbital Command  
  160  21:46  SCV  
  164  21:47  Marine x2  
  164  21:48  Marauder  
  164  21:49  Refinery  
  164  21:51  SCV  
  169  21:58  Missile Turret  
  169  22:12  Marine, Marauder  
  172  22:22  Liberator  
  175  22:25  Sensor Tower  
  175  22:29  Liberator  
  178  22:30  Marine  
  179  22:42  Marine  
  179  22:43  Missile Turret, Marauder, Liberator  
  182  22:48  Liberator  
  183  23:05  Liberator  
  183  23:15  Liberator  
  177  23:26  Liberator  
  176  23:31  Liberator  
  176  23:32  Marine x2  
  176  23:33  Marauder x2  
  181  23:48  Marauder, Marine x2, Liberator  
  179  23:49  Marauder  
  180  23:58  Viking  
  182  24:07  Missile Turret  
  182  24:09  Viking  
  184  24:14  Planetary Fortress, Viking  
  184  24:16  Marine, Marauder  
  185  24:21  Missile Turret  
  182  24:28  Viking  
  182  24:29  Planetary Fortress  
  184  24:36  SCV  
  185  24:38  SCV  
  185  24:43  Missile Turret, Marine x2  
  188  24:46  Marine x2  
  188  24:49  SCV  
  190  24:55  Viking  
  189  25:01  Viking  
  187  25:08  Viking  

Tags
 
Add a new tag
Caveats
  • Supply blocks, unpowered buildings, or Contaminate may cause inaccurate times.
  • Supply counts are checked every 10 seconds.